cohdb
Replays
Latest Replays
All Replays
Popular Replays
Top Player Replays
Match Explorer
How It Works
Community
CoH3 Stats
Reddit
Sign in to upload your games and track your stats! →
Sign in with Steam
Match 46592978
Unlisted
Match 46592978
Overview
Messages
Build Orders
End
Engineer Squad
Construct Weapon Support Center
Selects Heavy Weapons
M1919 Machine Gun Team
M1919 Machine Gun Team
Infantry Support Center
Construct Barracks
Selects M2HB .50cal Heavy Machine Gun
Bazooka Squad
Improved M9 Bazooka Rockets
M3 Armored Personnel Carrier
Riflemen Squad
M1918 Browning Automatic Rifles
Selects Assault Carriers
.30 cal Machine Gun
Riflemen Squad
Selects Exchangeable Parts
Mr_NoteAr
User1diego
AndradeOrti
Brain Damaged Canuck
Cruentus
Logan
0
0
Comments
sign in to comment!
No comments posted yet!